 Dungeon Crawl Stone Soup version 0.23-a0-451-g1044d4c (webtiles) character file.

393539 Dfrag the Scorcher (level 23, -2/198 HPs)
             Began as a Naga Fire Elementalist on Nov 21, 2018.
             Was the Champion of Makhleb.
             Slain by an iron troll (7 damage)
             ... on level 15 of the Dungeon on Nov 22, 2018.
             The game lasted 02:43:58 (54130 turns).

Dfrag the Scorcher (Naga Fire Elementalist)        Turns: 54130, Time: 02:43:58

Health: -2/198     AC: 26    Str: 21    XL:     23   Next: 15%
Magic:  45/45      EV:  7    Int: 29    God:    Makhleb [******]
Gold:   3526       SH:  6    Dex: 11    Spells: 35/58 levels left

rFire    + + .     SeeInvis +   T - +8 whip "Snakebite" {curare, rPois}
rCold    . . .     Gourm    .   d - +3 buckler
rNeg     . . .     Faith    .   X - +2 robe {Archmagi}
rPois    +         Spirit   .   b - +2 helmet
rElec    .         Reflect  .   h - scarf {rC+ rF+}
rCorr    .         Harm     .   Q - +2 pair of gloves {Str+3}
MR       ++...     Clarity  +   F - +4 naga barding
Stlth    +++++.....             U - amulet of magic regeneration
HPRegen  0.43/turn              B - +6 ring of intelligence
MPRegen  0.54/turn              Z - ring "Ekhlum" {Fire *Contam Str+4 SInv}

@: flayed, studying Armour, very slow
A: large, icy blue scales 1, see invisible, clarity, deformed body, poison
resistance, slowness 2, slow metabolism 1, spit poison 2, MP-powered wands,
constrict 1, AC +7
}: 2/15 runes: serpentine, barnacled
a: Breathe Poison Gas, Minor Destruction, Lesser Servant of Makhleb, Major
Destruction, Greater Servant of Makhleb, Renounce Religion


You were on level 15 of the Dungeon.
You worshipped Makhleb.
Makhleb was exalted by your worship.
You were very hungry.

You visited 8 branches of the dungeon, and saw 39 of its levels.
You also visited: Ossuary.

You collected 4943 gold pieces.
You spent 1417 gold pieces at shops.

Inventory:

Hand Weapons
 E - the +7 Singing Sword {slice, sonic wave}
   (You found it on level 2 of the Shoals)

   It inflicts extra damage upon your enemies.
 T - the +8 whip "Snakebite" (weapon) {curare, rPois}
   (You found it on level 4 of the Lair of Beasts)

   It poisons the flesh of those it strikes.
   It protects you from poison.
Missiles
 j - 19 javelins of penetration (quivered)
Armour
 b - a +2 helmet (worn)
 d - a +3 buckler (worn)
 h - a scarf of resistance (worn)
 F - a +4 naga barding (worn)
 Q - a +2 pair of gloves of strength (worn)
 X - a +2 robe of the Archmagi (worn)
Magical Staves
 a - an uncursed staff of energy
 x - an uncursed staff of conjuration
Jewellery
 g - the ring of Bujoh {*Slow EV+6 Str+7}
   (You found it on level 3 of the Elven Halls)

   [ring of evasion]

   It affects your evasion (+6).
   It affects your strength (+7).
   It may slow you when you take damage.
 k - the ring "Docehiapru" {rF+ MR+ MP+9 Dex+7 Slay-4}
   (You found it on level 3 of the Elven Halls)

   [ring of protection from magic]

   It affects your dexterity (+7).
   It affects your accuracy and damage with ranged weapons and melee attacks
   (-4).
   It protects you from fire.
   It affects your resistance to hostile enchantments.
   It affects your magic capacity (+9).
 B - a +6 ring of intelligence (left hand)
 U - an amulet of magic regeneration (around neck)
 Z - the ring "Ekhlum" (right hand) {Fire *Contam Str+4 SInv}
   (You bought it in a shop on level 2 of the Snake Pit)

   [ring of fire]

   It enhances your fire magic.
   It affects your strength (+4).
   It protects you from fire.
   It makes you vulnerable to cold.
   It lets you see invisible.
   It causes magical contamination when unequipped.
Wands
 A - a wand of acid (12)
 K - a wand of scattershot (13)
 S - a wand of digging (17)
 W - a wand of clouds (2)
Scrolls
 e - 14 scrolls of teleportation
 f - 12 scrolls of amnesia
 i - 15 scrolls of remove curse
 l - a scroll of brand weapon
 m - 5 scrolls of immolation
 n - 2 scrolls of fog
 r - 4 scrolls of fear
 v - 6 scrolls of magic mapping
 G - 13 scrolls of enchant weapon
 I - 3 scrolls of identify
 O - 2 scrolls of summoning
 P - 6 scrolls of blinking
 Y - 3 scrolls of holy word
Potions
 o - 2 potions of cancellation
 p - 2 potions of berserk rage
 q - 2 potions of mutation
 s - 3 potions of invisibility
 t - 6 potions of magic
 u - 4 potions of brilliance
 w - 5 potions of ambrosia
 y - 2 potions of resistance
 C - 14 potions of curing
 D - 8 potions of agility
 H - 6 potions of flight
 L - 2 potions of heal wounds
 N - a potion of lignification
 R - 4 potions of haste
Books
 M - a manual of Armour
Miscellaneous
 J - a crystal ball of energy
 V - a lightning rod (4/4)
Comestibles
 c - 63 rations


   Skills:
 - Level 10.0 Fighting
 - Level 1.5 Dodging
 - Level 12.2 Stealth
 + Level 18.0 Spellcasting
 + Level 19.3 Conjurations
 - Level 13.0 Necromancy
 + Level 19.4 Fire Magic
 - Level 13.0 Earth Magic


You had 35 spell levels left.
You knew the following spells:

 Your Spells              Type           Power        Failure   Level  Hunger
a - Flame Tongue          Conj/Fire      #####        0%          1    None
b - Conjure Flame         Conj/Fire      ########     0%          3    None
c - Sticky Flame          Conj/Fire      ########     0%          4    None
d - Fireball              Conj/Fire      ########..   1%          5    None
e - Borgnjor's Vile Clut  Necr/Erth      ########..   1%          5    None
f - Venom Bolt            Conj/Pois      #######...   1%          5    None

Your spell library contained the following spells:

 Spells                   Type           Power        Failure   Level  Hunger
 Animate Skeleton         Necr           N/A          0%          1    None
 Magic Dart               Conj           ####         0%          1    None
 Throw Flame              Conj/Fire      ######       0%          2    None
 Shock                    Conj/Air       ####         1%          1    None
 Sting                    Conj/Pois      ####         1%          1    None
 Passwall                 Tmut/Erth      #######.     1%          2    None
 Sublimation of Blood     Necr           ########..   1%          2    None
 Dazzling Spray           Conj/Hex       ######       1%          3    None
 Ignite Poison            Fire/Tmut/Pois #######.     1%          3    None
 Inner Flame              Hex/Fire       ########     1%          3    None
 Mephitic Cloud           Conj/Pois/Air  #######.     1%          3    None
 Static Discharge         Conj/Air       #######.     1%          3    None
 Animate Dead             Necr           N/A          1%          4    None
 Force Lance              Conj/Tloc      #######.     1%          4    None
 Fulminant Prism          Conj/Hex       #######...   1%          4    None
 Petrify                  Tmut/Erth      #######.     1%          4    None
 Irradiate                Conj/Tmut      #######...   1%          5    None
 Lightning Bolt           Conj/Air       #######...   1%          5    None
 Bolt of Fire             Conj/Fire      ########..   1%          6    ##.....
 Death Channel            Necr           ########..   1%          6    ##.....
 Apportation              Tloc           #####.       2%          1    None
 Confusing Touch          Hex            #####.       2%          1    None
 Corona                   Hex            #####..      2%          1    None
 Summon Butterflies       Summ           #####...     2%          1    None
 Summon Small Mammal      Summ           ####         2%          1    None
 Ensorcelled Hibernation  Hex/Ice        #####.       4%          2    None
 Poisonous Vapours        Pois/Air       #####.       4%          2    None
 Slow                     Hex            #####...     4%          2    None
 Swiftness                Chrm/Air       #####...     4%          2    None
 Call Canine Familiar     Summ           #####...     9%          3    None
 Confuse                  Hex            #####...     9%          3    None
 Gell's Gravitas          Tloc           #####.....   9%          3    None
 Portal Projectile        Hex/Tloc       #####.       9%          3    None
 Recall                   Summ/Tloc      N/A          9%          3    None
 Airstrike                Air            #####.....   26%         4    None
 Olgreb's Toxic Radiance  Pois           #####...     26%         4    None
 Summon Ice Beast         Ice/Summ       #####...     26%         4    None
 Simulacrum               Ice/Necr       #######...   28%         6    ##.....
 Alistair's Intoxication  Tmut/Pois      #####...     58%         5    None
 Metabolic Englaciation   Hex/Ice        #####.....   58%         5    None
 Silence                  Hex/Air        #####.....   58%         5    None
 Summon Mana Viper        Hex/Summ       #####...     58%         5    None
 Yara's Violent Unravell  Hex/Tmut       #####.....   58%         5    None
 Darkness                 Hex            #####.....   99%         6    ##.....
 Deflect Missiles         Chrm/Air       #####.....   99%         6    ##.....
 Dispersal                Tloc           #####.....   99%         6    ##.....
 Shadow Creatures         Summ           N/A          99%         6    ##.....
 Summon Hydra             Summ           #####.....   100%        7    ####...
 Controlled Blink         Tloc           N/A          100%        8    ######.
 Disjunction              Tloc           #####.....   100%        8    ######.
 Shatter                  Erth           ########..   100%        9    #######


Dungeon Overview and Level Annotations

Branches:
Dungeon (15/15)            Temple (0/1) D:4            Lair (6/6) D:9
 Shoals (4/4) Lair:4        Snake (4/4) Lair:2        Slime (0/5) Lair:6
    Orc (2/2) D:11            Elf (3/3) Orc:2        Vaults (4/5) D:13
  Crypt (0/3) Vaults:3     Depths (1/5) D:15

Altars:
Ashenzari
Cheibriados
Dithmenos
Elyvilon
Fedhas
Hepliaklqana
Makhleb
Nemelex Xobeh
Qazlal
Ru
Sif Muna
Trog
Uskayaw
Vehumet
Wu Jian
Xom
Zin
The Shining One
Beogh
Jiyva

Shops:
D:7 (   Orc:2 *=[(   Elf:1 [   Shoals:2 =   Snake:2 =}=   Vaults:3 (
Vaults:4 ?[[

Annotations:
Lair:2 1 runed door, rakerak's ghost, journeyman DrAE
Lair:3 2 transporters, Kisus's ghost, journeyman DsFi


Innate Abilities, Weirdness & Mutations

You cannot wear boots.
Your serpentine skin is tough. (AC +7)
You have supernaturally acute eyesight. (SInv)
Armour fits poorly on your strangely shaped body.
Your system is resistant to poisons. (rPois)
You cover ground very slowly.
You have a slow metabolism.
You can exhale a cloud of poison.
You can use your snake-like lower body to constrict enemies.
You are partially covered in icy blue scales. (AC +2)
You possess an exceptional clarity of mind.
You expend magic power (3 MP) to strengthen your wands.


Message History

* * * LOW HITPOINT WARNING * * *
Your lungs strain for air!
The water elemental hits you. The deep troll bites you.
* * * LOW HITPOINT WARNING * * *
The deep troll claws you!
* * * LOW HITPOINT WARNING * * *
The deep troll claws you but does no damage.
The iron troll closely misses you.
The iron troll claws you but does no damage. x2
The tengu warrior hits you with a +0 war axe!
* * * LOW HITPOINT WARNING * * *
The tengu warrior pecks you.
* * * LOW HITPOINT WARNING * * *
The tengu warrior claws you but does no damage.
Unknown command.
You slip free of the water engulfing you.
You gasp with relief as air once again reaches your lungs.
The iron troll bites you but does no damage.
The iron troll claws you!
You die...

.................########.#
..........[.8.P..P..## #.#
...........8...8.....####.#
.........8......P....8....#
.........8................#
######...PP....8....8.#####
#......8.Q..8.8..##
######.........TT88....####
.............8.E@88.PP....#
#..######...[...8...P.....#
#..# #........8........#
#..######..8P.....8.......#
..........................#
................8..8......#
.......#######............#
#####..# #.##########.#
#####..#######............#


You could see an iron troll, a tengu warrior, a deep troll and a water
elemental.

Vanquished Creatures
  Mara (Vaults:3)
  Xtahua (Vaults:2)
  Nikola (Snake:4)
  A lich (Vaults:3)
  3 deep elf blademasters
  2 krakens
  2 deep elf master archers (Elf:3)
  A sphinx (Vaults:4)
  A storm dragon (Vaults:3)
  A tengu reaver (Vaults:4)
  13 vault wardens
  18 nagarajas
  7 deep elf sorcerers
  2 frost giants
  2 orc warlords
  7 stone giants
  2 deep elf elementalists (Elf:3)
  A ghoul (Vaults:3)
  11 ironheart preservers
  9 very ugly things
  3 deep elf demonologists (Elf:3)
  10 deep elf annihilators
  An eidolon (Vaults:3)
  A crystal guardian (Vaults:4)
  Snorg (Lair:4)
  5 merfolk impalers
  6 merfolk javelineers (Shoals:4)
  9 deep elf death magi
  2 ettins (Vaults:4)
  3 fire dragons
  3 deep elf high priests (Elf:3)
  A great orb of eyes (Vaults:4)
  12 ogre magi
  7 yaktaur captains
  10 vault guards
  6 hydras
  A rakshasa (Vaults:3)
  Erolcha (D:12)
  31 naga warriors
  4 ice dragons
  4 merfolk avatars (Shoals:1)
  13 anacondas
  6 centaur warriors
  27 two-headed ogres
  21 dancing weapons
  A death knight (Vaults:3)
  2 tengu warriors (D:14)
  2 satyrs
  3 merfolk aquamancers (Shoals:4)
  Urug (D:11)
  An orc high priest (Orc:2)
  18 naga sharpshooters
  4 shock serpents
  Nergalle (D:10)
  Sonja (D:11)
  A salamander mystic (Snake:3)
  4 skeletal warriors
  25 deep elf knights
  2 unseen horrors
  2 shadow wraiths
  An unseen horror (shapeshifter) (Vaults:2)
  2 flayed ghosts
  18 deep elf archers
  10 naga ritualists
  5 glowing orange brains
  3 wizards
  A deep troll (Vaults:3)
  14 sea snakes
  A lindwurm (Lair:4)
  10 orc knights
  A swamp dragon (Lair:6)
  A necromancer (D:15)
  9 mana vipers
  A harpy (shapeshifter) (Elf:2)
  12 ironbrand convokers
  A mana viper (shapeshifter) (Vaults:4)
  A fire giant zombie (D:15)
  12 cyclopes
  2 phantasmal warriors (Vaults:3)
  21 harpies
  76 deep elf magi
  15 ugly things
  5 salamanders
  15 fauns
  3 elephants (Lair:4)
  3 orc sorcerers
  38 black mambas
  4 oklob plants (Lair:2)
  5 wolf spiders
  13 manticores
  8 merfolk sirens
  10 vault sentinels
  5 water nymphs
  An elf zombie (D:15)
  A stone giant skeleton (D:15)
  4 guardian serpents (Snake:4)
  9 spiny frogs
  A torpor snail (Lair:5)
  2 gargoyles (D:14)
  18 naga magi
  An efreet (D:14)
  A redback zombie (D:14)
  8 rime drakes
  A hellion (Vaults:1)
  A small abomination (Vaults:4)
  A tengu conjurer (D:13)
  2 freezing wraiths
  34 yaktaurs
  6 komodo dragons
  A yaktaur skeleton (D:15)
  9 trolls
  A queen bee (D:11)
  6 hornets
  35 merfolk
  18 blink frogs
  2 polar bears
  5 wind drakes
  2 meliai zombies (D:13)
  8 dream sheep (Shoals:3)
  18 slime creatures
  A stone giant simulacrum (Vaults:2)
  15 hippogriffs
  9 snapping turtles
  A human simulacrum (Vaults:1)
  A shadow (D:15)
  A centaur simulacrum (D:15)
  11 water elementals
  A wraith (D:12)
  A spriggan (shapeshifter) (Vaults:1)
  2 wyverns
  38 yaks
  2 air elementals (Elf:2)
  2 fire elementals
  A steam dragon (shapeshifter) (Vaults:1)
  A vampire (D:14)
  Grum (D:8)
  5 basilisks
  4 steam dragons
  Menkaure (D:4)
  71 nagas
  A two-headed ogre zombie (D:11)
  4 acid dragons
  4 wargs
  A water moccasin (shapeshifter) (Vaults:3)
  23 water moccasins
  10 porcupines
  5 ice beasts
  4 sky beasts
  3 phantoms
  39 orc warriors
  3 black bears
  40 ogres
  A necrophage (D:10)
  A tengu (shapeshifter) (D:9)
  13 wolves
  11 centaurs
  A boggart (shapeshifter) (Vaults:3)
  2 eyes of draining
  2 boggarts (Elf:1)
  19 crocodiles
  2 big kobolds
  17 bullfrogs
  2 gnoll sergeants (D:10)
  4 earth elementals
  2 elf skeletons (D:8)
  A water moccasin zombie (D:7)
  2 wyvern skeletons
  4 scorpions
  42 killer bees
  6 wights
  6 electric eels
  4 howler monkeys
  5 crimson imps
  5 centaur zombies
  7 jellies
  6 hounds
  29 orc wizards
  3 bullfrog skeletons
  31 orc priests
  3 centaur skeletons
  Jessica (D:2)
  9 iguanas
  Terence (D:2)
  2 human skeletons (D:8)
  6 worker ants
  6 ogre zombies (D:11)
  3 hound zombies
  A hound skeleton (D:5)
  8 mummies (Ossuary)
  A howler monkey zombie (D:11)
  A worker ant zombie (D:5)
  A howler monkey skeleton (D:5)
  16 gnolls
  22 adders
  3 shadow imps
  An adder zombie (D:5)
  An adder skeleton (D:4)
  5 worms
  3 dart slugs (D:1)
  5 leopard geckos
  85 orcs
  6 giant cockroaches
  9 goblins
  5 hobgoblins
  11 jackals
  6 quokkas
  3 ball pythons (Lair:2)
  9 bats
  3 frilled lizards
  A gnoll zombie (Ossuary)
  A goblin skeleton (D:11)
  2 goblin zombies (D:11)
  2 hobgoblin skeletons (D:11)
  3 hobgoblin zombies
  A jackal zombie (D:5)
  11 kobolds
  2 kobold zombies (Ossuary)
  7 orc skeletons
  17 orc zombies
  7 rats
  3 crawling corpses (Vaults:4)
  4 fungi (Lair:5)
  45 plants
  A tentacle (Shoals:4)
  A withered plant (D:15)
1742 creatures vanquished.

Vanquished Creatures (others)
  A deep elf death mage (Elf:3)
  An anaconda (Snake:4)
  2 deep elf magi (Elf:2)
  A fire elemental (Elf:2)
  A bush (Lair:4)
  14 fungi
  51 plants
  11 tentacles
82 creatures vanquished.

Grand Total: 1824 creatures vanquished

Notes
Turn   | Place    | Note
-------+----------+-------------------------------------------
     0 | D:1      | Dfrag the Naga Fire Elementalist began the quest for the
                  | Orb.
     0 | D:1      | Reached XP level 1. HP: 15/15 MP: 3/3
   106 | D:1      | Reached XP level 2. HP: 22/22 MP: 3/5
   594 | D:1      | Reached XP level 3. HP: 28/28 MP: 2/6
   889 | D:2      | Found a burning altar of Makhleb.
   944 | D:2      | Became a worshipper of Makhleb the Destroyer
  1021 | D:2      | Noticed Terence
  1029 | D:2      | Learned a level 3 spell: Conjure Flame
  1034 | D:2      | Killed Terence
  1034 | D:2      | Reached XP level 4. HP: 36/36 MP: 0/8
  1042 | D:2      | Learned a level 4 spell: Sticky Flame
  1132 | D:2      | Noticed Jessica
  1144 | D:2      | Killed Jessica
  1204 | D:2      | Found a hazy altar of Hepliaklqana.
  1353 | D:2      | Reached XP level 5. HP: 41/42 MP: 5/9
  1356 | D:2      | Found a blossoming altar of Fedhas.
  1831 | D:3      | Reached * piety under Makhleb
  2085 | D:3      | Found a glowing golden altar of the Shining One.
  2345 | D:3      | Found a blossoming altar of Fedhas.
  2386 | D:4      | Noticed Menkaure
  2389 | D:4      | Noticed a phantom
  2393 | D:4      | Killed Menkaure
  2393 | D:4      | Reached XP level 6. HP: 35/49 MP: 1/11
  2431 | D:4      | Killed a phantom
  2533 | D:4      | Found a shattered altar of Ashenzari.
  2606 | D:4      | Found a stormy altar of Qazlal.
  2691 | D:4      | Found a snail-covered altar of Cheibriados.
  2711 | D:4      | Got a crude leather armour
  2722 | D:4      | Identified the +2 leather armour "Norch" {Dex+7} (You found
                  | it on level 4 of the Dungeon)
  2754 | D:4      | Found a staircase to the Ecumenical Temple.
  2776 | D:4      | Reached skill level 5 in Fire Magic
  2776 | D:4      | Reached XP level 7. HP: 55/55 MP: 5/13
  2860 | D:4      | HP: 1/55 [orc (2)]
  3251 | D:5      | Entered Level 5 of the Dungeon
  3319 | D:5      | Reached ** piety under Makhleb
  3399 | D:5      | Reached skill level 5 in Conjurations
  3443 | D:5      | Found a glowing golden altar of the Shining One.
  3461 | D:5      | Reached skill level 5 in Spellcasting
  3461 | D:5      | Reached XP level 8. HP: 54/62 MP: 5/15
  3686 | D:5      | Gained mutation: Your tail ends in a poisonous barb.
                  | [potion of mutation]
  3686 | D:5      | Gained mutation: You are partially covered in large bone
                  | plates. (SH +4) [potion of mutation]
  3686 | D:5      | Gained mutation: Your mind is acute. (Int +2) [potion of
                  | mutation]
  3686 | D:5      | Gained mutation: You are partially covered in yellow
                  | scales. (AC +2) [potion of mutation]
  3866 | D:5      | Found a bloodstained altar of Trog.
  3915 | D:5      | Found a hazy altar of Hepliaklqana.
  4025 | D:5      | Learned a level 5 spell: Fireball
  4237 | D:5      | Found a white marble altar of Elyvilon.
  4463 | D:6      | Found a glowing silver altar of Zin.
  4504 | D:6      | Found a sacrificial altar of Ru.
  5102 | D:7      | Reached XP level 9. HP: 47/68 MP: 3/18
  5207 | D:7      | Found Mogiupul's Antique Weapon Boutique.
  5227 | D:7      | Bought a crude great sword for 310 gold pieces
  5286 | D:7      | Identified the cursed +0 great sword "Ecwoxt" {speed, MR++}
                  | (You bought it in a shop on level 7 of the Dungeon)
  5377 | D:7      | Reached *** piety under Makhleb
  5911 | D:8      | Noticed Grum
  5936 | D:8      | Killed Grum
  6139 | D:8      | Found a sand-covered staircase.
  6152 | Ossuary  | Entered an ossuary
  6427 | D:8      | Found a shadowy altar of Dithmenos.
  6666 | D:9      | Reached **** piety under Makhleb
  6672 | D:9      | Found a staircase to the Lair.
  6774 | D:9      | Reached XP level 10. HP: 75/75 MP: 17/21
  6882 | D:9      | Found an ornate altar of the Wu Jian Council.
  7383 | D:10     | Entered Level 10 of the Dungeon
  8072 | D:10     | Reached ***** piety under Makhleb
  8109 | D:10     | Noticed a two-headed ogre
  8119 | D:10     | Killed a two-headed ogre
  8664 | D:11     | Reached XP level 11. HP: 36/81 MP: 8/24
  8777 | D:11     | Reached skill level 10 in Fire Magic
  8829 | D:11     | Noticed Nergalle
  8829 | D:11     | Noticed a manticore
  8831 | D:11     | Noticed a spectral orc warlord
  8837 | D:10     | HP: 1/81 [Nergalle/bolt of negative energy (52)]
  8840 | D:10     | Killed a manticore
  8844 | D:10     | Killed Nergalle
  8977 | D:11     | Noticed an unseen horror
  8986 | D:11     | Killed an unseen horror
  8986 | D:11     | Reached skill level 10 in Conjurations
  9127 | D:11     | Noticed a cyclops
  9163 | D:11     | Noticed Sonja
  9169 | D:11     | Killed Sonja
  9284 | D:11     | Killed a cyclops
  9325 | D:11     | Reached skill level 10 in Spellcasting
  9596 | D:11     | Found a staircase to the Orcish Mines.
  9597 | D:11     | Noticed a cyclops
  9758 | D:11     | Killed a cyclops
  9759 | D:11     | Reached ****** piety under Makhleb
  9997 | D:11     | Noticed Urug
 10017 | D:11     | Killed Urug
 10017 | D:11     | Reached XP level 12. HP: 52/88 MP: 4/26
 11489 | D:12     | Got a pitted leather armour
 11500 | D:12     | Identified the +3 leather armour of Ysoh {MR+ Str+3} (You
                  | found it on level 12 of the Dungeon)
 11535 | D:12     | Noticed Erolcha
 11539 | D:12     | Killed Erolcha
 11643 | Lair:1   | Entered Level 1 of the Lair of Beasts
 11898 | Lair:1   | Reached skill level 1 in Fighting
 12009 | Lair:1   | Reached skill level 5 in Stealth
 12203 | Lair:1   | Found a radiant altar of Vehumet.
 12458 | Lair:2   | Found a staircase to the Snake Pit.
 12733 | Lair:2   | Noticed a six-headed hydra
 12879 | Lair:2   | Killed a six-headed hydra
 12879 | Lair:2   | Gained mutation: You can use your snake-like lower body to
                  | constrict enemies. [Naga growth]
 12879 | Lair:2   | Reached XP level 13. HP: 105/105 MP: 4/27
 13152 | Lair:2   | Found a shimmering altar of Xom.
 13152 | Lair:2   | Noticed rakerak's ghost (journeyman DrAE)
 13179 | Lair:2   | Found a runed door.
 13513 | Lair:2   | Reached skill level 10 in Stealth
 14289 | Lair:3   | Learned a level 5 spell: Borgnjor's Vile Clutch
 14431 | Lair:3   | Found a transporter.
 14431 | Lair:3   | Noticed Kisus's ghost (journeyman DsFi)
 14449 | Lair:3   | Reached skill level 1 in Earth Magic
 14464 | Lair:3   | Reached skill level 1 in Necromancy
 14646 | Lair:3   | Found a transporter.
 15268 | Lair:4   | Found a staircase to the Shoals.
 15759 | Lair:4   | Found the +8 whip "Snakebite" {curare, rPois}
 16154 | Lair:4   | Noticed Snorg
 16174 | Lair:4   | Killed Snorg
 16300 | Lair:4   | Reached skill level 5 in Necromancy
 16300 | Lair:4   | Reached skill level 5 in Earth Magic
 16949 | Lair:5   | Got a scintillating turquoise ring
 17097 | Lair:5   | Reached XP level 14. HP: 106/115 MP: 19/28
 17330 | Lair:5   | Identified the ring "Lisenuz" {Wiz rPois rC+} (You found it
                  | on level 5 of the Lair of Beasts)
 17366 | Lair:5   | Got a smoking scimitar
 17367 | Lair:5   | Identified the cursed +2 scimitar of Inquiry {freeze, rC+
                  | Str+3 Dex+3} (You found it on level 5 of the Lair of
                  | Beasts)
 17399 | Lair:6   | Entered Level 6 of the Lair of Beasts
 18500 | Lair:6   | Found a staircase to the Slime Pits.
 18500 | Lair:6   | Found a viscous altar of Jiyva.
 19845 | Orc:1    | Entered Level 1 of the Orcish Mines
 19865 | Orc:1    | Noticed an orc warlord
 19893 | D:11     | Killed an orc warlord
 20548 | Orc:2    | Entered Level 2 of the Orcish Mines
 20781 | Orc:2    | Noticed an orc warlord
 20938 | Orc:2    | Killed an orc warlord
 21105 | Orc:2    | Found a roughly hewn altar of Beogh.
 21134 | Orc:2    | Found Nonawuol's Antique Armour Shoppe.
 21255 | Orc:2    | Found a roughly hewn altar of Beogh.
 21265 | Orc:2    | Reached skill level 10 in Necromancy
 21265 | Orc:2    | Reached skill level 10 in Earth Magic
 21403 | Orc:2    | Found a staircase to the Elven Halls.
 21463 | Orc:2    | Reached XP level 15. HP: 121/121 MP: 23/29
 21506 | Orc:2    | Found Titirug's Antique Weapon Shoppe.
 21645 | Orc:2    | Found Cufromp's General Store.
 21651 | Orc:2    | Bought a scroll of teleportation for 48 gold pieces
 21651 | Orc:2    | Bought a scroll of identify for 32 gold pieces
 21660 | Orc:2    | Found Jaggudy's Jewellery Shoppe.
 21900 | Elf:1    | Entered Level 1 of the Elven Halls
 21920 | Elf:1    | Noticed a deep elf sorcerer
 23203 | D:13     | Found a gate to the Vaults.
 24454 | D:14     | Found a glowing silver altar of Zin.
 24455 | D:14     | Noticed an angel
 24742 | D:14     | You fall through a shaft!
 24742 | D:15     | Entered Level 15 of the Dungeon
 24742 | D:15     | Found a glowing silver altar of Zin.
 25543 | D:15     | Found a staircase to the Depths.
 26151 | Snake:1  | Entered Level 1 of the Snake Pit
 26546 | Snake:1  | Reached XP level 16. HP: 39/129 MP: 0/30
 27952 | Snake:2  | Found Xuliyc's Jewellery Shoppe.
 27953 | Snake:2  | Found Pisigeh's Gadget Shop.
 27954 | Snake:2  | Found Vel Sief's Jewellery Shoppe.
 27960 | Snake:2  | Bought the ring "Ekhlum" {Fire *Contam Str+4 SInv} for 429
                  | gold pieces
 28058 | Snake:2  | Got a bronze ring mail
 28059 | Snake:2  | Identified the +0 ring mail of Sunlight {-Tele rPois rF+
                  | Str+4} (You found it on level 2 of the Snake Pit)
 28554 | Snake:3  | Noticed a nagaraja
 29816 | Snake:3  | Got a distressingly furry cloak
 29817 | Snake:3  | Identified the +1 cloak of Jiethaasch {rC- Str+4 Dex+2
                  | Stlth+} (You found it on level 3 of the Snake Pit)
 29929 | Snake:3  | Killed a nagaraja
 30359 | Snake:3  | Found a sparkling altar of Nemelex Xobeh.
 30543 | Snake:4  | Entered Level 4 of the Snake Pit
 30650 | Snake:4  | Noticed a nagaraja
 30664 | Snake:4  | Killed a nagaraja
 31079 | Snake:4  | Noticed a nagaraja
 31091 | Snake:4  | Killed a nagaraja
 31091 | Snake:4  | Noticed Nikola
 31393 | Snake:3  | Identified a scroll of acquirement
 31424 | Snake:3  | Learned a level 5 spell: Venom Bolt
 31468 | Snake:4  | Reached XP level 17. HP: 135/135 MP: 19/33
 32719 | Snake:4  | Upgraded the game from 0.23-a0-449-g8e4cbf7 to
                  | 0.23-a0-451-g1044d4c
 32854 | Snake:4  | Killed Nikola
 32993 | Snake:4  | Found a hide-covered altar of Uskayaw.
 33922 | Snake:4  | Reached XP level 18. HP: 132/142 MP: 21/35
 33926 | Snake:4  | Identified the +1 naga barding of Bavyvek {rElec}
 35151 | Snake:4  | Got a serpentine rune of Zot
 35323 | Shoals:1 | Entered Level 1 of the Shoals
 35405 | Shoals:1 | Lost mutation: Your tail ends in a poisonous barb. [potion
                  | of mutation]
 35405 | Shoals:1 | Lost mutation: Your mind is acute. (Int +2) [potion of
                  | mutation]
 35405 | Shoals:1 | Gained mutation: You can exhale a cloud of poison. [potion
                  | of mutation]
 35405 | Shoals:1 | Lost mutation: You can exhale a cloud of poison. [potion of
                  | mutation]
 35405 | Shoals:1 | Gained mutation: You have a pair of small horns on your
                  | head. [potion of mutation]
 35406 | Shoals:1 | Lost mutation: You are partially covered in large bone
                  | plates. (SH +4) [potion of mutation]
 35406 | Shoals:1 | Lost mutation: You have a pair of small horns on your head.
                  | [potion of mutation]
 35406 | Shoals:1 | Lost mutation: You are partially covered in yellow scales.
                  | (AC +2) [potion of mutation]
 35406 | Shoals:1 | Gained mutation: You can exhale a cloud of poison. [potion
                  | of mutation]
 35406 | Shoals:1 | Gained mutation: You expend magic power (3 MP) to
                  | strengthen your wands. [potion of mutation]
 35406 | Shoals:1 | Gained mutation: You possess an exceptional clarity of
                  | mind. [potion of mutation]
 35406 | Shoals:1 | Gained mutation: You are partially covered in icy blue
                  | scales. (AC +2) [potion of mutation]
 35654 | Shoals:1 | Reached skill level 15 in Fire Magic
 35935 | Shoals:1 | HP: 4/142 [manticore/volley of spikes (17)]
 35943 | Shoals:1 | HP: 5/142 [poisoned by a sea snake]
 36531 | Shoals:2 | Reached skill level 15 in Conjurations
 36857 | Shoals:2 | Found Joylais's Jewellery Emporium.
 37018 | Shoals:2 | Found a transporter.
 37019 | Shoals:2 | Found the +7 Singing Sword {slice, sonic wave}
 37240 | Shoals:2 | Found a transporter.
 38306 | Shoals:3 | Reached XP level 19. HP: 122/150 MP: 7/37
 38984 | Shoals:4 | Entered Level 4 of the Shoals
 39043 | Shoals:4 | Identified the cursed +3 glaive "Uluisho" {flame, rN+++
                  | Int+4 Dex-4}
 39623 | Shoals:4 | Identified the cursed +1 chain mail "Gazahij" {MR+ Str+3}
 39776 | Shoals:4 | Got a barnacled rune of Zot
 40014 | Shoals:4 | Identified the +4 trident of Lamo {vamp, +Rage Str+3}
 40656 | Vaults:1 | Entered Level 1 of the Vaults
 40826 | Vaults:1 | Reached skill level 15 in Spellcasting
 42276 | Vaults:1 | Identified the +7 trident of the Sneaky Lies {flame,
                  | Fragile rPois Dex+4}
 42708 | Vaults:1 | Reached XP level 20. HP: 157/157 MP: 11/39
 44523 | Vaults:2 | Reached skill level 5 in Fighting
 45153 | Vaults:2 | Noticed Xtahua
 45471 | Vaults:2 | Killed Xtahua
 46353 | Vaults:3 | Noticed a lich
 46358 | Vaults:3 | Killed a lich
 46439 | Vaults:3 | Reached skill level 10 in Fighting
 46625 | Vaults:3 | Reached XP level 21. HP: 183/183 MP: 30/40
 46673 | Vaults:3 | Found Zaaz's Weapon Shop.
 47550 | Vaults:3 | Noticed Mara
 47563 | Vaults:3 | Killed Mara
 48103 | Vaults:3 | Found a staircase to the Crypt.
 48993 | Vaults:4 | Found Ruwopec's Antique Armour Shop.
 49019 | Vaults:4 | Bought a translucent chain mail for 228 gold pieces
 49019 | Vaults:4 | Bought a runed helmet for 180 gold pieces
 49064 | Vaults:4 | Identified the cursed +1 chain mail "Caefeosch" {Slay+3}
                  | (You bought it in a shop on level 4 of the Vaults)
 49266 | Vaults:4 | Reached XP level 22. HP: 183/190 MP: 8/42
 49593 | Vaults:4 | Found Egruz's Magic Scroll Boutique.
 49601 | Vaults:4 | Bought a scroll of identify for 40 gold pieces
 49601 | Vaults:4 | Bought a scroll of blinking for 150 gold pieces
 49691 | Vaults:4 | Found Baock's Armour Emporium.
 50945 | Elf:1    | Found a deep blue altar of Sif Muna.
 51170 | Elf:1    | Found Ocapaest's Armour Shoppe.
 51670 | Elf:2    | Found a runed gate.
 51670 | Elf:2    | Found a runed gate.
 51677 | Elf:2    | Found a runed gate.
 52492 | Elf:3    | Entered Level 3 of the Elven Halls
 52546 | Elf:3    | Found a runed door.
 52586 | Elf:3    | Identified the +9 rapier "Wemei" {speed, rC+}
 52661 | Elf:3    | Identified the Grimoire of Execration and Weightlessness
 53199 | Elf:3    | Reached XP level 23. HP: 167/198 MP: 13/44
 53382 | Elf:3    | Got a twitching wooden ring
 53389 | Elf:3    | Identified the ring "Veoserall" {Wiz rElec rC+ rN+ Stlth+}
                  | (You found it on level 3 of the Elven Halls)
 53501 | Elf:3    | Got a fine lead ring
 53502 | Elf:3    | Identified the ring of Bujoh {*Slow EV+6 Str+7} (You found
                  | it on level 3 of the Elven Halls)
 53530 | Elf:3    | Identified the Papyrus of Ashen Arcane Weapons
 53536 | Elf:3    | Got a scorched granite ring
 53538 | Elf:3    | Identified the ring "Docehiapru" {rF+ MR+ MP+9 Dex+7
                  | Slay-4} (You found it on level 3 of the Elven Halls)
 53578 | Elf:3    | Identified the Incunabulum of Unstable Execration
 53601 | Elf:3    | Got an encrusted morningstar
 53602 | Elf:3    | Identified the +6 morningstar of the Sky {flame, rF- rN+++
                  | MP-9 Stlth+} (You found it on level 3 of the Elven Halls)
 53605 | Elf:3    | Got a fine scale mail
 53606 | Elf:3    | Identified the +0 scale mail of Moral Flaws {*Contam rCorr
                  | Dex+8 Slay+2} (You found it on level 3 of the Elven Halls)
 53970 | Depths:1 | Entered Level 1 of the Depths
 54129 | D:15     | HP: 9/198 [tengu warrior/+0 war axe (14)]
 54130 | D:15     | Slain by an iron troll

Vault maps used:
D:1:      wander_arrival_abandoned_jail, kennysheep_doodads, minmay_ruptured
D:2:      lemuel_round_altar, lightli_temple_of_fire, marbit_many_paths,
          uniq_jessica, uniq_terence
D:3:      lemuel_round_altar, fedhas_altar_2
D:4:      nicolae_qazlal_eye_of_the_storm, overflow_temple_1_default,
          kennysheep_mini, minmay_temple_entry_wispy, first_ration,
          uniq_menkaure
D:5:      bloody_trog, lemuel_round_altar, basic_altar, tso_metal_star
D:6:      nicolae_ru_awakened_eye, lemuel_coloured_pillars_altar,
          corexii_leaking_fountain, minmay_misc_feat_tower
D:7:      serial_shops, shop_statue, minmay_crystal_room
D:8:      nicolae_dithmenos_the_darkroom, nicolae_ossuary_entry_catacombs,
          uniq_grum
D:9:      lemuel_doored_altar, lair_entry_dummy
D:11:     zombieorc2_lemuel, uniq_nergalle, uniq_sonja, uniq_urug
D:12:     uniq_erolcha
D:13:     hangedman_vaults_entry_quadrant_bands
D:14:     zin_angel
D:15:     gammafunk_depths_entry_grave, basic_altar
Lair:1:   basic_altar
Lair:2:   minmay_lair_oklob_tunnel, minmay_snake_entry_six_corridors,
          ebering_ghost_xom, serial_bayou, serial_bayou_pond_d,
          serial_bayou_shore_b, serial_bayou_pond_b, serial_bayou_lagoon_a,
          serial_bayou_shore_b
Lair:3:   gammafunk_ghost_arena
Lair:4:   minmay_guarded_unrand_snakebite, elwin_shoals_entry_rocks,
          wad_woods_06, uniq_snorg
Lair:6:   guppyfry_lair_end_dragon, slime_altar_1, serial_rivers,
          chequers_serial_rivers_small_a, chequers_serial_rivers_room_b,
          chequers_serial_rivers_marsh, chequers_serial_rivers_marsh,
          serial_bayou_lagoon_b
Shoals:2: gammafunk_the_bubble, serial_shops, nicolae_shop_waterfront,
          nicolae_shoals_drake_roost
Shoals:4: shoals_end_simple
Snake:2:  minmay_shop_grove, grunt_megastairs_3
Snake:3:  basic_altar, serial_bayou_crossing
Snake:4:  grunt_snake_rune_spirals, basic_altar, grunt_ministairs_3, uniq_nikola
Orc:2:    grunt_orc_cross, minmay_orc_temple_a
Elf:1:    minmay_elf_arrival_summoners, basic_altar, serial_shops, shop,
          hangedman_elf_disciples
Elf:2:    feat_on_display
Elf:3:    elf_hall, minivault_13
Vaults:1: hangedman_vaults_slice, vaults_dpeg_encased_lava,
          nicolae_vaults_inception_network, vaults_room_ringed_pool, v_rooms_3,
          v_misc_31, nicolae_vaults_border_crossing, v_misc_3, v_misc_29,
          v_misc_19, nicolae_vaults_little_squares_5,
          nicolae_vaults_circle_grid_b
Vaults:2: ontoclasm_vaults_ring_square, ontoclasm_vaults_ring_square,
          v_pattern_5, nicolae_vaults_angled_halls, v_misc_10,
          grunt_vaults_hallway_short, vaults_dpeg_hooks, uniq_xtahua
Vaults:3: grunt_vaults_hallway_short, vaults_standard_mumra_enter_the_diamond,
          ontoclasm_vaults_eye, ontoclasm_vaults_pinch, v_misc_28,
          minmay_crypt_entry_simple_sparse, nicolae_vaults_ninety_degrees,
          nicolae_vaults_network_quinsquares, nicolae_vaults_diagonal_hallway_6,
          hangedman_vaults_restitches, vaults_room_door_ring, serial_shops,
          shop, uniq_mara
Vaults:4: nicolae_vaults_big_ls, st_more_cells, v_misc_15, v_misc_13, v_misc_25,
          v_alt_pattern_4, nicolae_vaults_circle_grid_a, vaults_room_pool,
          nicolae_vaults_shelves_hall, hangedman_vaults_nails, serial_shops,
          nicolae_shop_waterfront, shop, nicolae_shop_overgrown_old_shop
Depths:1: enter_ziggurat_d, pan_entry, hell_entry, serial_glass,
          glass_columns_a, glass_columns_a, minmay_mirror_moons_of_madness,
          serial_bayou_shore_a
Ossuary:  ossuary_tomb_3

Skill      XL: |  1  2  3  4  5  6  7  8  9 10 11 12 13 14 15 16 17 18 19 20 21 22 23 |
---------------+----------------------------------------------------------------------+-----
Conjurations   | 2 3 4 5 6 8 9 11 12 14 15 16 17 18 19 | 19.3
Spellcasting   | 3 4 5 6 7 9 10 12 13 14 15 16 17 18 | 18.0
Fire Magic     | 4 5 7 8 9 11 12 13 14 15 16 17 18 19 | 19.4
Stealth        | 9 12 | 12.2
Fighting       | 3 4 10 | 10.0
Earth Magic    | 6 10 12 13 | 13.0
Necromancy     | 6 10 12 13 | 13.0
Dodging        | |  1.5

Action                   |  1- 3 |  4- 6 |  7- 9 | 10-12 | 13-15 | 16-18 | 19-21 | 22-24 || total
-------------------------+-------+-------+-------+-------+-------+-------+-------+-------++-------
Melee: Unarmed           |     3 |    15 |    35 |       |       |       |       |       ||    53
       Dagger            |       |       |    26 |       |       |       |       |       ||    26
       Hand axe          |       |       |   114 |       |       |       |       |       ||   114
       Tailslap          |       |       |    25 |    56 |   129 |    16 |       |       ||   226
       Great sword       |       |       |    82 |   310 |   106 |       |       |       ||   498
       Whip              |       |       |       |       |   506 |   103 |   188 |    92 ||   889
       Constrict         |       |       |       |       |   133 |    15 |    40 |    14 ||   202
 Cast: Flame Tongue      |    30 |    87 |   137 |   143 |   123 |    10 |     2 |     1 ||   533
       Conjure Flame     |     1 |       |     1 |     5 |     7 |       |     7 |       ||    21
       Sticky Flame      |       |     2 |    39 |   116 |   110 |    49 |    61 |    25 ||   402
       Fireball          |       |       |     4 |    57 |    93 |   254 |   336 |    83 ||   827
       Borgnjor's Vile C |       |       |       |       |   124 |   193 |   156 |    89 ||   562
       Venom Bolt        |       |       |       |       |       |       |     7 |       ||     7
 Abil: Spit Poison       |    19 |    17 |    19 |    13 |     8 |     1 |       |       ||    77
       Breathe Poison Ga |       |       |       |       |       |     1 |    14 |     2 ||    17
Evoke: Wand              |       |       |     2 |     5 |     8 |     1 |       |       ||    16
       Lightning rod     |       |       |       |       |     8 |     4 |     3 |       ||    15
  Use: Potion            |       |     2 |     2 |     3 |     3 |     9 |     1 |     2 ||    22
       Scroll            |       |       |     6 |     8 |    13 |    14 |    17 |     7 ||    65
 Stab: Sleeping          |       |       |     1 |     3 |     9 |       |       |       ||    13
       Distracted        |       |       |       |       |     2 |       |       |       ||     2
  Eat: Chunk             |     1 |     5 |    10 |    30 |    61 |    23 |    29 |    12 ||   171
       Ration            |       |       |     3 |     1 |     3 |     6 |       |       ||    13
Armor: Robe              |     5 |    13 |       |       |       |       |    29 |   141 ||   188
       Leather armour    |       |       |   157 |   231 |   306 |   138 |   103 |       ||   935
       Skin              |       |       |       |     8 |    10 |    13 |       |       ||    31
Dodge: Dodged            |    11 |    38 |   190 |   263 |   361 |   151 |   136 |    54 ||  1204
Block: Other             |       |       |    44 |   106 |   141 |    38 |       |       ||   329
       Buckler           |       |       |       |       |       |       |    35 |    60 ||    95
       Rpst.: Great sword |       |       |    23 |    77 |    15 |       |       |       ||   115

Table legend:
 A = Non-vault XP
 B = Vault XP
 C = Vault XP percentage of total XP
 D = Non-vault monster count
 E = Vault monster count
 F = Vault count percentage of total count
                 A         B        C        D         E       F
            +---------+---------+-------+---------+---------+-------
      Total |  415074 |  311275 |  42.9 |    1127 |     563 |  33.3
            +---------+---------+-------+---------+---------+-------
        D:1 |      39 |       5 |  11.4 |      21 |       3 |  12.5
        D:2 |      61 |      71 |  53.8 |      19 |       3 |  13.6
        D:3 |      93 |       0 |   0.0 |      25 |       0 |   0.0
        D:4 |     541 |     169 |  23.8 |      16 |       1 |   5.9
        D:5 |     988 |       0 |   0.0 |      38 |       0 |   0.0
        D:6 |     235 |       0 |   0.0 |       7 |       0 |   0.0
        D:7 |     503 |       0 |   0.0 |      13 |       0 |   0.0
        D:8 |     554 |     866 |  61.0 |      12 |      11 |  47.8
        D:9 |    1209 |       0 |   0.0 |      19 |       0 |   0.0
       D:10 |    4176 |     949 |  18.5 |      49 |       2 |   3.9
       D:11 |    6648 |    4028 |  37.7 |      36 |      62 |  63.3
       D:12 |    4716 |     975 |  17.1 |      41 |       1 |   2.4
       D:13 |   12985 |    5298 |  29.0 |      51 |      14 |  21.5
       D:14 |    7898 |       0 |   0.0 |      29 |       0 |   0.0
       D:15 |    4583 |    4699 |  50.6 |      18 |       8 |  30.8
     Lair:1 |    3716 |       0 |   0.0 |      17 |       0 |   0.0
     Lair:2 |    1219 |    5184 |  81.0 |       9 |      27 |  75.0
     Lair:3 |    5898 |       0 |   0.0 |      29 |       0 |   0.0
     Lair:4 |    8196 |    2784 |  25.4 |      32 |      10 |  23.8
     Lair:5 |    3788 |       0 |   0.0 |      18 |       0 |   0.0
     Lair:6 |   11974 |    3885 |  24.5 |      41 |      15 |  26.8
   Shoals:1 |   12583 |       0 |   0.0 |      23 |       0 |   0.0
   Shoals:2 |   12688 |    8676 |  40.6 |      20 |      22 |  52.4
   Shoals:3 |   19029 |       0 |   0.0 |      44 |       0 |   0.0
   Shoals:4 |   16548 |   17969 |  52.1 |      32 |      28 |  46.7
    Snake:1 |   11337 |       0 |   0.0 |      21 |       0 |   0.0
    Snake:2 |   10135 |     903 |   8.2 |      19 |       2 |   9.5
    Snake:3 |   23320 |     436 |   1.8 |      43 |       1 |   2.3
    Snake:4 |   31933 |   69966 |  68.7 |      54 |      92 |  63.0
      Orc:1 |    3710 |       0 |   0.0 |      46 |       0 |   0.0
      Orc:2 |    1706 |    8533 |  83.3 |      16 |      45 |  73.8
      Elf:1 |   26211 |    8694 |  24.9 |      41 |      15 |  26.8
      Elf:2 |    9765 |   24925 |  71.9 |      21 |      31 |  59.6
      Elf:3 |    8658 |   44191 |  83.6 |      14 |      35 |  71.4
   Vaults:1 |   27699 |   31583 |  53.3 |      43 |      46 |  51.7
   Vaults:2 |   38177 |   12551 |  24.7 |      47 |      14 |  23.0
   Vaults:3 |   53783 |   29499 |  35.4 |      69 |      29 |  29.6
   Vaults:4 |   24175 |   24283 |  50.1 |      31 |      30 |  49.2
   Depths:1 |    3597 |       0 |   0.0 |       3 |       0 |   0.0
    Ossuary |       0 |     153 | 100.0 |       0 |      16 | 100.0
            +---------+---------+-------+---------+---------+-------
